Cogmind - Beta 16.1 @@@ ROGUE MODE // 2026.01.14 @ 23:38:08 Player: cptwinky Result: Escaped! Performance ------------- Evolutions (9) 4500 Regions Visited (24) 4800 Robots Destroyed (361) 1805 Value Destroyed (17393) 17393 Prototype IDs (38) 760 Alien Tech Used (0) 0 Bonus (13363) 13363 TOTAL SCORE: 42621 Bonus ------- High Alert Combat Kills 2870 Follower Combat Kills 2311 Hunted by Unchained 500 Entered Garrisons 1200 Used RIF Installer 3000 Entered DSFs 500 Win 3000 Friendly Fire -18 Cogmind --------- Core Integrity 1279/1600 Matter 253/300 Energy 812/830 System Corruption 13% Temperature Cool (30) Movement Treading (180) Location To Epsilon Eridani Parts ------- > --- POWER (3) -------- Particle Reactor Particle Reactor Quantum Reactor > --- PROPULSION (6) --- Improved Heavy Siege Treads Improved Heavy Siege Treads Improved Heavy Siege Treads > --- UTILITY (13) ----- Advanced Heat Sink Advanced Heat Sink Advanced Heat Sink High-capacity Storage Unit Advanced Signal Interpreter Advanced Targeting Computer Advanced Targeting Computer Core Analyzer Graphene Brace (fused) Improved Hacking Suite Improved Hacking Suite Advanced System Shield Skeleton Box > --- WEAPON (3) ------- Improved Matter Neutralizer Enhanced Nova Cannon Enhanced Hardcell Cannon > --- INVENTORY (20) --- Particle Reactor Matter Compressor (250) Advanced Sensor Array Advanced Signal Interpreter Long-range Terrain Scanner Improved Transmission Jammer Relay Coupler [NC] (39) Relay Coupler [Proto] (15) Long-range Tractor Beam Trap Extractor (3/4 EM Surge) Improved Matter Neutralizer Improved Matter Neutralizer Gamma Bomb Array Advanced Remote Datajack Advanced Remote Datajack Plasma Lance Peak State ------------ > --- POWER ------------ Light Quantum Reactor Light Quantum Reactor Reinforced Quantum Reactor > --- PROPULSION ------- Armored Heavy Treads Improved Heavy Siege Treads Improved Heavy Siege Treads > --- UTILITY ---------- Advanced Cooling System High-capacity Storage Unit Makeshift Sensor Array Advanced Signal Interpreter Advanced Targeting Computer Core Analyzer Advanced Weapon Cycler Improved Transmission Jammer Advanced Powered Armor Graphene Brace Improved Hacking Suite Improved System Shield Relay Coupler [Grunt] > --- WEAPON ----------- Enhanced Nova Cannon Enhanced Nova Cannon Enhanced Hardcell Cannon > --- INVENTORY -------- Improved Heavy Siege Treads Matter Compressor Advanced Sensor Array Advanced Signal Interpreter Long-range Terrain Scanner Improved Hacking Suite Improved Hacking Suite Relay Coupler [NC] Relay Coupler [Proto] Skeleton Box Long-range Tractor Beam Trap Extractor Proton Burst Cannon Gamma Bomb Array Remote Datajack Improved Remote Datajack Advanced Remote Datajack Advanced Remote Datajack Plasma Lance [Rating: 182] Favorites ----------- Power Reinforced Fission Core Engine Cooled Ion Engine Power Core Reinforced Fission Core Reactor Quantum Reactor Propulsion Light Treads Treads Light Treads Leg Aluminum Leg Wheel Compact Wheel Utility High-capacity Storage Unit Device Advanced Cooling System Storage High-capacity Storage Unit Processor Advanced Targeting Computer Hackware Hacking Suite Protection Layered Medium Armor Plating Weapon Improved Assault Rifle Energy Gun Precision Beam Rifle Energy Cannon Enhanced Nova Cannon Ballistic Gun Improved Assault Rifle Ballistic Cannon Antimatter Cannon Launcher Rocket Array Special Weapon Remote Datajack Impact Weapon Great Maul Piercing Weapon Plasma Lance Special Melee Weapon Datajack Build | -11 -10 -10 -10 -9 -8 -8 -8 -8 -7 -7 -7 -7 -7 -7 -6 -6 -5 -5 -5 -4 -3 -3 -2 -1 ------- Run | Yrd Mat Min Exi Min Mat Gar Mat Gar Fac Gar Fac Gar Fac Gar Fac Gar Fac Upp Upp Fac Res DSF Res Acc Slots Evolved 18 | . . . . . 4 . . . 2 . . . . . 2 . 2 . . 2 2 . 2 2 Power 2 | . . . . . . . . . . . . . . . . . 1 . . . . . 1 . Propulsion 4 | . . . . . 1 . . . . . . . . . 1 . 1 . . . 1 . . . Utility 11 | . . . . . 2 . . . 2 . . . . . 1 . . . . 2 1 . 1 2 Weapon 1 | . . . . . 1 . . . . . . . . . . . . . . . . . . . Parts Attached 226 | 6 2 3 . 2 26 10 5 12 3 7 2 18 4 10 13 21 3 14 . 11 . 10 17 27 Power 22 | 1 . 1 . 1 2 1 1 1 . . . 3 . . . . . 1 . . . 2 4 4 Engine 10 | 1 . 1 . 1 2 1 1 1 . . . 1 . . . . . 1 . . . . . . Core 1 | . . . . . . . . . . . . 1 . . . . . . . . . . . . Reactor 11 | . . . . . . . . . . . . 1 . . . . . . . . . 2 4 4 Propulsion 56 | 2 . . . 1 12 2 3 3 1 2 . 7 1 1 2 4 . 1 . 4 . 1 4 5 Treads 54 | 2 . . . 1 12 2 3 3 1 2 . 6 1 1 2 4 . 1 . 4 . 1 3 5 Leg 1 | . . . . . . . . . . . . 1 . . . . . . . . . . . . Wheel 1 | . . . . . . . . . . . . . . . . . . . . . . . 1 . Hover . | . . . . . . . . . . . . . . . . . . . . . . . . . Flight . | . . . . . . . . . . . . . . . . . . . . . . . . . Utility 93 | 1 1 1 . . 6 3 1 4 1 4 1 5 2 4 5 13 3 10 . 5 . 4 6 13 Device 25 | . . . . . . 1 . 2 . 2 . 1 . 2 3 2 1 4 . 1 . . 2 4 Storage 6 | 1 1 1 . . 2 . . . . . . . . . . . . . . . . . . 1 Processor 13 | . . . . . 1 . . . 1 . . . 1 . 1 2 2 . . 1 . . 2 2 Hackware 20 | . . . . . 1 . . . . . 1 3 1 1 1 1 . 2 . 2 . . 1 6 Protection 29 | . . . . . 2 2 1 2 . 2 . 1 . 1 . 8 . 4 . 1 . 4 1 . Artifact . | . . . . . . . . . . . . . . . . . . . . . . . . . Weapon 55 | 2 1 1 . . 6 4 . 4 1 1 1 3 1 5 6 4 . 2 . 2 . 3 3 5 Energy Gun 4 | . . . . . 1 . . 1 1 . . 1 . . . . . . . . . . . . Energy Cannon 10 | . . . . . . . . . . . . . . . 2 . . 1 . 1 . 2 1 3 Ballistic Gun 24 | 2 . . . . 5 3 . 2 . 1 . 1 1 4 1 2 . 1 . . . . 1 . Ballistic Cannon 6 | . . . . . . . . . . . . 1 . . 2 . . . . 1 . 1 . 1 Launcher 3 | . . . . . . . . 1 . . . . . 1 . . . . . . . . . 1 Special Weapon 4 | . . . . . . . . . . . 1 . . . 1 1 . . . . . . 1 . Impact Weapon 2 | . . 1 . . . 1 . . . . . . . . . . . . . . . . . . Slashing Weapon . | . . . . . . . . . . . . . . . . . . . . . . . . . Piercing Weapon 1 | . . . . . . . . . . . . . . . . 1 . . . . . . . . Special Melee Weapon 1 | . 1 . . . . . . . . . . . . . . . . . . . . . . . Unidentified Prototypes 10 | . . . . . 2 . 1 . . . . . . . 2 2 . 1 . 1 . . . 1 Corrupted Parts 1 | . . . . . . . . . . . . . . . 1 . . . . . . . . . System Corruption 1 | . . . . . . . . . . . . . . . 1 . . . . . . . . . Parts Lost 46 | . . . . 1 . 2 . 5 . 5 . 2 . . 3 4 . 6 . . . . 6 12 Power 3 | . . . . . . . . . . . . . . . . . . . . . . . 2 1 Propulsion 11 | . . . . 1 . . . 2 . 2 . 1 . . . . . . . . . . 1 4 Utility 16 | . . . . . . . . . . 2 . 1 . . 1 2 . 4 . . . . 2 4 Weapon 16 | . . . . . . 2 . 3 . 1 . . . . 2 2 . 2 . . . . 1 3 Highest Loss Streak 4 | . . . . 1 . 1 . 2 . 4 . 1 . . 1 1 . 3 . . . . 2 3 To Critical Strikes 2 | . . . . . . 1 . 1 . . . . . . . . . . . . . . . . Average Backups 17 | 2 8 9 12 13 15 18 19 19 20 19 20 18 16 17 18 18 19 18 20 19 19 19 19 18 Power . | . 1 1 2 1 1 . . . . . 1 1 1 1 1 1 . . . . 1 1 1 . Propulsion 2 | . 1 2 3 3 3 4 3 3 3 2 2 1 1 1 . 1 1 1 2 1 . . . . Utility 8 | . 1 3 3 4 4 8 10 9 9 8 10 8 8 8 8 10 12 10 12 10 11 11 10 9 Weapon 3 | 1 2 2 2 2 3 2 3 2 4 4 4 4 3 2 4 2 2 3 3 4 4 4 3 3 Tool/Special . | . . . . . . . . . . . . . . . . . . . . . . . . . Unused Backups 51 | . 4 2 2 1 12 . . 2 . . . 4 . 1 2 . . 1 . 5 . 1 . 14 Power 5 | . . 1 . 1 1 . . . . . . 1 . . . . . . . . . . . 1 Propulsion 7 | . . . . . 4 . . . . . . 1 . . . . . . . 2 . . . . Utility 16 | . . . 2 . 2 . . . . . . 1 . 1 1 . . 1 . 1 . 1 . 6 Weapon 20 | . 4 1 . . 5 . . 2 . . . 1 . . 1 . . . . 2 . . . 4 Tool/Special 3 | . . . . . . . . . . . . . . . . . . . . . . . . 3 Average Slot Usage (%) 91 | . 90 100 100 100 93 100 100 99 85 96 100 90 84 86 83 85 79 82 88 87 76 87 91 88 Engine 5 | . 14 14 14 14 9 9 9 9 7 7 7 2 . . . . . . 5 5 4 2 . . Core 2 | . . . . . . . . . . . . 4 7 7 6 6 5 4 . . . . . . Reactor 2 | . . . . . . . . . . . . . . . . . 3 5 5 5 4 5 13 11 Treads 21 | . 27 28 28 28 27 27 27 26 23 22 23 21 15 15 17 13 11 16 17 15 14 16 17 13 Device 9 | . . . . . . . . . . 9 7 13 16 10 10 17 16 13 17 16 14 18 21 22 Storage 7 | . 14 14 14 14 9 9 9 9 7 7 7 7 7 7 6 6 5 5 5 5 4 4 4 4 Processor 7 | . . . . . 2 9 9 9 8 15 15 11 10 15 13 5 9 5 5 5 4 4 4 11 Hackware 4 | . . . . . 8 9 9 9 7 3 6 4 2 2 1 . . 2 . 7 4 4 3 12 Protection 8 | . 5 14 14 14 8 8 9 8 7 7 7 7 7 6 6 14 7 5 11 10 9 13 11 1 Energy Gun 1 | . . . . . 1 . . 1 5 6 6 5 6 3 . . . . . . . . . . Energy Cannon 1 | . . . . . . . . . . . . . . . 2 3 5 4 5 4 4 3 5 6 Ballistic Gun 14 | . 27 27 28 27 25 24 26 25 15 14 15 . . 9 16 10 5 4 5 5 4 1 . 1 Ballistic Cannon 2 | . . . . . . . . . . . . 6 7 3 . 4 5 5 5 4 4 6 6 3 Peak Build Rating 182 | 7 9 9 11 11 33 37 36 37 40 48 49 73 73 74 84 101 102 106 100 115 103 138 163 182 Average Rating 66 | 6 8 9 9 10 28 31 34 34 36 44 48 60 70 68 79 91 98 103 100 108 103 126 151 170 On Entrance 60 | . 7 9 9 11 10 29 35 35 34 40 48 49 73 71 74 78 94 99 100 100 103 103 136 163 Avg Prop Armor Cover (%) . | . . . . . . . . . . . . . . . . . . . . . . . . . Naked Turns . | . . . . . . . . . . . . . . . . . . . . . . . . . Heaviest Build 192 | 12 18 28 28 28 72 61 63 68 67 75 73 102 100 99 109 109 128 137 131 137 123 167 192 164 Greatest Support 225 | 40 40 40 40 40 60 60 60 60 62 64 64 95 95 95 123 150 150 173 173 180 167 194 194 225 Greatest Overweight (x) 4 | . . . . . 1 1 1 1 1 1 1 1 1 4 1 1 . . . . . . 1 2 Average Overweight (x) . | . . . . . . . . . 1 1 1 1 . . . . . . . . . . . . Largest Inventory Capacity 20 | 8 10 15 15 15 20 20 20 20 20 20 20 20 20 20 20 20 20 20 20 20 20 20 20 20 Average Capacity 18 | 7 9 12 15 15 16 20 20 20 20 20 20 20 20 20 20 20 20 20 20 20 20 20 20 20 Most Carried 20 | 6 10 12 15 15 20 20 20 20 20 20 20 20 20 20 20 20 20 20 20 20 19 20 20 20 Average Carried 18 | 3 9 10 13 14 16 19 19 19 19 19 20 19 19 19 19 19 19 18 20 19 19 19 19 18 Final Capacity 20 | 8 10 15 15 15 20 20 20 20 20 20 20 20 20 20 20 20 20 20 20 20 20 20 20 20 Final Carried 20 | 6 10 11 15 14 20 20 20 20 20 20 20 20 20 20 20 20 20 20 20 19 19 20 20 16 Class Distribution -------------------- 16% | Tank 16% | Bothacker-Tank 13% | Mutant 12% | Gunner 12% | Scavenger-Gunner 11% | Scavenger-Tank 7% | Commander-Tank 3% | Commander-Gunner Dominant Class ---------------- Mutant | -10/Materials Mutant | -10/Mines Mutant | -10/Exiles Mutant | -9/Mines Scavenger-Tank | -8/Materials Scavenger-Gunner | -8/Garrison Commander-Gunner | -8/Materials Gunner | -8/Garrison Scavenger-Gunner | -7/Factory Tank | -7/Garrison Gunner | -7/Factory Gunner | -7/Garrison Commander-Tank | -7/Factory Tank | -7/Garrison Tank | -6/Factory Bothacker-Tank | -6/Garrison Bothacker-Tank | -5/Factory Tank | -5/Upper Caves Scavenger-Tank | -5/Upper Caves Bothacker-Tank | -4/Factory Bothacker-Tank | -3/Research Scavenger-Tank | -3/DSF Scavenger-Tank | -2/Research Hacker-Gunner | -1/Access Resources | -11 -10 -10 -10 -9 -8 -8 -8 -8 -7 -7 -7 -7 -7 -7 -6 -6 -5 -5 -5 -4 -3 -3 -2 -1 ----------- Run | Yrd Mat Min Exi Min Mat Gar Mat Gar Fac Gar Fac Gar Fac Gar Fac Gar Fac Upp Upp Fac Res DSF Res Acc Matter Collected 13382 | 291 325 208 66 95 947 641 108 734 . 829 . 1252 168 1196 630 1699 . 1077 . 396 . 274 1323 1123 Remotely 1633 | . . . . . . . . . . . . . . . . . . 490 . 76 . 86 437 544 Salvage Created 16488 | 84 182 596 112 121 1634 955 213 1041 . 778 . 1326 131 1115 538 2193 . 644 . 207 . 367 2024 2227 Parts 778 | 14 14 31 5 5 81 58 10 63 . 34 . 56 6 50 26 92 . 13 . 9 . 24 103 84 Haulers Intercepted 10 | . 1 . . . 4 . . . . . . . . . . . . 1 . . . 2 1 1 Recyclers Shooed 6 | . 1 1 . . . . . . . . . . 1 . . . . . . . . . 2 1 Parts Field Recycled . | . . . . . . . . . . . . . . . . . . . . . . . . . Retrieved Matter . | . . . . . . . . . . . . . . . . . . . . . . . . . Parts Self-Destructed 25 | . . . . . . . . . . . . . . . . . . 25 . . . . . . Prevented 2 | . . . . . . . . . . . . . . . . . . 2 . . . . . . Parts Restored . | . . . . . . . . . . . . . . . . . . . . . . . . . Kills | -11 -10 -10 -10 -9 -8 -8 -8 -8 -7 -7 -7 -7 -7 -7 -6 -6 -5 -5 -5 -4 -3 -3 -2 -1 ------- Run | Yrd Mat Min Exi Min Mat Gar Mat Gar Fac Gar Fac Gar Fac Gar Fac Gar Fac Upp Upp Fac Res DSF Res Acc Combat Hostiles Destroyed 311 | . 3 13 . 2 24 28 2 24 . 23 . 21 2 31 10 45 . 12 . 4 . 10 32 25 Melee 1 | . . . . . . 1 . . . . . . . . . . . . . . . . . . Guns 154 | . 3 13 . 2 24 27 2 24 . 14 . 4 . 13 8 16 . 2 . 1 . . . 1 Cannons 106 | . . . . . . . . . . . . 16 2 15 1 27 . 10 . 2 . 2 13 18 AOE 38 | . . . . . . . . . . 9 . 1 . 3 . 2 . . . . . 8 15 . Classes Destroyed 21 | 1 3 3 . 1 3 1 . 3 . . . 2 1 1 . . . . . 1 . 1 . . Worker 12 | . . . . 1 1 . . . . . . . . . . . . . . . . . 9 1 Builder 4 | . . . . . . . . . . . . . 1 . . . . . . . . . 3 . Tunneler 5 | 4 . . . . . . . . . . . . . . . . . . . . . . . 1 Hauler 10 | . 1 . . . 4 . . . . . . . . . . . . 1 . . . 2 1 1 Recycler 9 | . . 4 . . 1 . 1 . . . . . . . . . . . . . . . 2 1 Mechanic 2 | . . . . . . . . . . . . . . 1 . . . . . . . . 1 . Operator 4 | . 1 . . . . . . . . . . 1 . . 2 . . . . . . . . . Watcher 5 | . . . . . 2 . . . . . . . . . . . . . . . . . 1 2 Swarmer 85 | . . 6 . . . 14 . 5 . 11 . 2 . 8 1 16 . . . . . 9 13 . Cutter 3 | . . . . . . . . 1 . . . . . . . 2 . . . . . . . . Grunt 94 | . 3 6 . 2 11 5 . 7 . 7 . 8 1 12 5 7 . 8 . 3 . . 1 8 Brawler 10 | . . . . . . . . . . . . 3 . 2 1 1 . 3 . . . . . . Duelist 9 | . . . . . . . . 1 . . . 1 . 1 . 5 . 1 . . . . . . Sentry 35 | . . . . . 11 4 2 5 . 2 . 2 1 . . 5 . . . . . . 1 2 Demolisher 1 | . . . . . . . . . . . . 1 . . . . . . . . . . . . Specialist 12 | . . . . . . 3 . . . 1 . . . 1 . 7 . . . . . . . . Hunter 28 | . . . . . 2 2 . 2 . 2 . 1 . . 3 1 . . . . . . 11 4 Programmer 27 | . . . . . . . . 3 . . . 3 . 7 . 1 . . . . . . 4 9 Heavy 5 | . . . . . . . . . . . . . . . . . . . . . . 1 2 2 Behemoth 1 | . . . . . . . . . . . . . . . . . . . . 1 . . . . Assembled 1 | . . 1 . . . . . . . . . . . . . . . . . . . . . . Best Kill Streak 11 | 3 1 4 . 3 5 6 1 5 . 9 . 3 2 4 3 6 . 4 . 2 . 6 11 4 Combat Bots Only 9 | . 1 4 . 1 5 6 1 5 . 9 . 3 1 4 3 6 . 4 . 2 . 5 8 4 Max Kills in Single Turn 10 | 1 1 2 . 1 1 2 1 3 . 2 . 1 1 3 1 2 . 2 . 2 . 3 10 1 Gunslinging 2 | . . 1 . . . 1 . 2 . 1 . . . 1 . . . . . . . . . . Exploded 4 | . . . . . . . . . . 2 . 1 . 3 . 2 . . . . . 3 4 . Melee 1 | . . . . . . 1 . . . . . . . . . . . . . . . . . . Uniques/NPCs Destroyed . | . . . . . . . . . . . . . . . . . . . . . . . . . Combat | -11 -10 -10 -10 -9 -8 -8 -8 -8 -7 -7 -7 -7 -7 -7 -6 -6 -5 -5 -5 -4 -3 -3 -2 -1 -------- Run | Yrd Mat Min Exi Min Mat Gar Mat Gar Fac Gar Fac Gar Fac Gar Fac Gar Fac Upp Upp Fac Res DSF Res Acc Hostile Shots Fired 1974 | . 20 25 . 10 103 92 2 186 . 122 . 97 14 129 80 332 . 132 . 113 . 28 265 224 Missed 520 | . 3 4 . 2 26 24 . 52 . 32 . 29 8 38 20 81 . 20 . 33 . 8 88 52 Hits 1454 | . 17 21 . 8 77 68 2 134 . 90 . 68 6 91 60 251 . 112 . 80 . 20 177 172 Melee 38 | . . . . . . . . 11 . . . 4 . . 4 5 . 14 . . . . . . Projectile 1416 | . 17 21 . 8 77 68 2 123 . 90 . 64 6 91 56 246 . 98 . 80 . 20 177 172 AOE 6 | . . . . . . . . 2 . . . 2 . 2 . . . . . . . . . . Critical Strikes 60 | . . 2 . . 3 3 . 9 . 1 . 4 . 7 3 3 . 3 . 7 . . 4 11 Actively Blocked 30 | . . . . . . . . . . . . . . . 3 3 . 2 . 7 . . 4 11 Part Disruptions 1 | . . . . . . . . . . . . . . 1 . . . . . . . . . . Damage Taken 25317 | . 205 228 . 118 1389 804 32 1865 . 902 . 801 23 1266 1234 2616 . 2589 . 1342 . 598 4062 5243 Core 1691 | . 14 62 . 16 193 79 . 187 . 28 . 69 . 96 57 163 . 148 . 158 . 15 85 321 Absorbed by Shields 3224 | . . . . . . 9 . 84 . 278 . 306 20 307 . 756 . 208 . 112 . 160 984 . Reduced by Siege Mode 1073 | . . . . . . . . . . . . . . . . 55 . 141 . . . 18 . 859 Redirected to Shielding 141 | . . . . . . . . . . . . . . . . . . . . 61 . 29 51 . Regen/Repaired (Parts) 1090 | . 74 . . . 278 . . . . . . . 169 . 237 . . . . . . . 332 . Core Remaining (%) 76 | 100 . . . 63 . . . 16 . . . . . 72 . 74 . . 85 86 . 98 94 79 Volleys Fired 1059 | 6 23 28 11 10 76 46 6 53 . 53 1 181 14 82 38 110 3 68 . 22 . 16 84 128 Largest 3 | 2 2 2 2 2 3 3 3 3 . 3 1 2 2 3 3 3 1 3 . 3 . 3 3 3 Hottest 298 | 40 40 40 40 40 80 74 74 119 . 119 5 126 126 126 185 158 85 156 . 170 . 214 287 298 Shots Fired 2223 | 12 46 56 22 20 226 134 12 148 . 124 1 227 20 161 86 302 3 178 . 43 . 39 145 218 Gun 1398 | 12 46 56 22 20 226 134 12 146 . 116 . 151 8 106 61 195 . 49 . 10 . 5 . 23 Cannon 746 | . . . . . . . . . . . . 59 5 45 23 104 3 127 . 29 . 31 131 189 Launcher 25 | . . . . . . . . 2 . 8 . 1 . 1 . 1 . . . . . 3 8 1 Special 54 | . . . . . . . . . . . 1 16 7 9 2 2 . 2 . 4 . . 6 5 Kinetic 1490 | 12 46 56 22 20 213 134 12 142 . 79 . 59 8 102 61 260 . 109 . 20 . 23 38 74 Thermal 611 | . . . . . 13 . . 4 . 37 . 151 5 49 23 39 3 67 . 19 . 13 69 119 Explosive 24 | . . . . . . . . 2 . 8 . 1 . 1 . 1 . . . . . 3 8 . Electromagnetic 44 | . . . . . . . . . . . . . . . . . . . . . . . 24 20 Robot Hit Streak 46 | 5 13 11 14 5 40 46 3 14 . 31 1 40 5 14 15 24 . 17 . 8 . 13 16 25 Robot Miss Streak 8 | 1 5 2 1 2 3 2 1 2 . 2 . 2 3 2 4 8 . 2 . 3 . 4 4 3 Penetration Max 1 | . . . . . . . . 1 . . . 1 . 1 1 1 . . . . . . 1 1 Secondary Targets 27 | . . 1 . . . 8 . 11 . 4 . . . 2 1 . . . . . . . . . Max Gunslinging Chain 2 | . . 1 . . . 2 . 2 . 1 . . . 1 1 . . . . . . . . . Shots Hit Robots 1566 | 7 32 38 18 12 169 106 4 117 1 67 1 205 10 118 51 202 . 128 . 21 . 29 99 131 Core Hits 748 | 4 11 24 4 6 62 45 5 47 . 40 . 67 3 47 25 104 . 33 . 8 . 35 117 61 Critical Kills 14 | 1 . . . . 1 1 1 1 . 1 . . . . . 2 . 1 . . . . . 5 Critical Parts Destroyed 10 | . . . . . . 1 . . . 1 . . . 1 2 3 . . . . . . . 2 Critical Strikes 66 | 1 . . . . 1 2 1 1 . 6 . 20 . 4 3 9 . 4 . . . 2 2 10 Burn 17 | . . . . . . . . . . 4 . 12 . 1 . . . . . . . . . . Meltdown 3 | . . . . . . . . . . . . . . . . . . . . . . . . 3 Destroy 22 | 1 . . . . 1 1 1 1 . 2 . . . 1 3 5 . 1 . . . . . 5 Blast 21 | . . . . . . . . . . . . 8 . 2 . 2 . 3 . . . 2 2 2 Smash 1 | . . . . . . 1 . . . . . . . . . . . . . . . . . . Impale 2 | . . . . . . . . . . . . . . . . 2 . . . . . . . . Melee Attacks 110 | . . 17 . 4 . 26 1 8 1 1 . 16 . 6 . 30 . . . . . . . . Impact 62 | . . 17 . 4 . 26 . 8 . 1 . 6 . . . . . . . . . . . . Slashing . | . . . . . . . . . . . . . . . . . . . . . . . . . Piercing 27 | . . . . . . . . . . . . . . . . 27 . . . . . . . . Sneak Attacks 21 | . . . . . . . 1 . 1 . . 10 . 6 . 3 . . . . . . . . Combat Hostiles . | . . . . . . . . . . . . . . . . . . . . . . . . . Follow-up Attacks . | . . . . . . . . . . . . . . . . . . . . . . . . . Damage Inflicted 46610 | 100 418 557 224 170 2624 1639 83 2099 . 2414 . 5409 265 4350 1547 6902 . 3548 . 588 . 1845 6073 5755 Guns 17883 | 100 418 537 224 170 2553 1595 73 2098 . 1391 . 2506 52 1548 925 2633 . 675 . 109 . 96 . 180 Cannons 21822 | . . . . . . . . . . . . 2803 195 2576 597 2877 . 2873 . 422 . 877 3434 5168 Explosions 5317 | . . . . . . . . . . 1021 . 100 . 226 . 148 . . . . . 872 2608 342 Melee 1258 | . . . . . . 41 . . . . . . . . . 1217 . . . . . . . . Ramming 330 | . . 20 . . 71 3 10 1 . 2 . . 18 . 25 27 . . . 57 . . 31 65 Kinetic 26286 | 100 418 537 224 170 2456 1595 73 2046 . 975 . 2803 195 3497 925 4388 . 2204 . 305 . 598 877 1900 Thermal 12380 | . . . . . 97 . . 52 . 416 . 2506 52 627 597 1122 . 1344 . 226 . 375 2061 2905 Explosive 4803 | . . . . . . . . . . 1021 . 100 . 226 . 148 . . . . . 872 2436 . Electromagnetic 1553 | . . . . . . . . . . . . . . . . . . . . . . . 668 885 Impact 41 | . . . . . . 41 . . . . . . . . . . . . . . . . . . Slashing . | . . . . . . . . . . . . . . . . . . . . . . . . . Piercing 1217 | . . . . . . . . . . . . . . . . 1217 . . . . . . . . Highest Corruption 13 | . . . . . . . . 2 . . . 6 6 10 1 3 . 11 11 3 . . 5 13 Average Corruption 5 | . . . . . . . . 1 . . . 3 6 8 1 2 . 8 11 3 . . 3 6 Corruption Purged 8 | . . . . . . . . 2 . . . . . . 1 . . . . . . . 5 . Corruption Blocked . | . . . . . . . . . . . . . . . . . . . . . . . . . Effects 297 | . . . . . . . . 10 . . . 44 21 51 2 45 . 53 8 3 . . 21 39 Message Errors 77 | . . . . . . . . 2 . . . 12 4 11 . 8 . 11 2 2 . . 8 17 Matter Fused 72 | . . . . . . . . 5 . . . 13 3 11 1 10 . 15 2 . . . 3 9 Heat Flow Errors 37 | . . . . . . . . 1 . . . 7 2 7 . 8 . 5 1 . . . 3 3 Energy Discharges 41 | . . . . . . . . . . . . 4 6 7 1 5 . 8 2 . . . 4 4 Parts Rejected 2 | . . . . . . . . . . . . . . . . . . 1 . . . . 1 . Parts Fused 2 | . . . . . . . . . . . . 1 . . . . . 1 . . . . . . Data Loss (minor) 31 | . . . . . . . . 1 . . . 7 4 4 . 7 . 4 1 . . . . 3 Data Loss (major) 9 | . . . . . . . . . . . . . . 3 . 2 . 3 . . . . 1 . Misfires 9 | . . . . . . . . . . . . . 2 . . 2 . 2 . 1 . . . 2 Alerts 8 | . . . . . . . . . . . . . . 4 . 2 . 1 . . . . 1 . Weapon Failures 9 | . . . . . . . . 1 . . . . . 4 . 1 . 2 . . . . . 1 Overload Shots . | . . . . . . . . . . . . . . . . . . . . . . . . . Overflow Damage 1348 | . . . . . . . . . . 52 . 281 . 550 4 47 . 69 . 11 . 20 161 153 Projectiles 1217 | . . . . . . . . . . . . 281 . 550 4 47 . 69 . . . 10 103 153 Explosions 120 | . . . . . . . . . . 52 . . . . . . . . . . . 10 58 . Melee 11 | . . . . . . . . . . . . . . . . . . . . 11 . . . . Knockbacks 73 | . . . . . . . . . . . . 5 1 14 . 13 . 14 . 3 . . 10 13 Impact 2 | . . . . . . . . . . . . . . . . . . . . 1 . . . 1 Kinetic 63 | . . . . . . . . . . . . 5 1 11 . 9 . 14 . 2 . . 9 12 Secondary 8 | . . . . . . . . . . . . . . 3 . 4 . . . . . . 1 . Self-Inflicted Damage 575 | . . . . . . . . . . 38 . . . 51 . 60 . . . . . 117 282 27 Shots 27 | . . . . . . . . . . 1 . . . 3 . 2 . . . . . 5 14 2 Rammed 30 | 1 1 4 . . 5 1 3 1 . 1 . . 1 . 3 4 . . . 2 . . . 3 Targets Rammed 34 | 1 1 4 . . 6 1 3 1 . 1 . . 1 . 3 4 . . . 2 . . 2 4 Kicked . | . . . . . . . . . . . . . . . . . . . . . . . . . Crushed 4 | . . . . . 1 . . . . . . . . . . . . . . . . . 2 1 Highest Temperature 460 | . 3 21 . 3 219 41 12 169 . 240 . 234 213 285 90 216 . 234 114 126 . 45 240 460 Average Temperature 65 | . 3 7 . 3 40 9 4 25 . 79 . 80 102 101 28 42 . 72 67 42 . 20 79 164 Received Heat Transfer 3391 | . 111 93 . 66 558 162 9 393 . 134 . 138 4 257 180 399 . 426 . 102 . . 53 306 Effects 12 | . . . . . . . . . . . . . . . . 1 . . . . . . . 11 Shutdowns 1 | . . . . . . . . . . . . . . . . . . . . . . . . 1 Energy Bleed 2 | . . . . . . . . . . . . . . . . 1 . . . . . . . 1 Interference 5 | . . . . . . . . . . . . . . . . . . . . . . . . 5 Matter Decay 1 | . . . . . . . . . . . . . . . . . . . . . . . . 1 Short Circuit 2 | . . . . . . . . . . . . . . . . . . . . . . . . 2 Damage (minor) 1 | . . . . . . . . . . . . . . . . . . . . . . . . 1 Siege Activations 9 | . . . . . . . . . . . . . . . . 2 . 1 . . . 1 1 4 Total Turns 1046 | . . . . . . . . . . . . . . . . 76 . 858 . . . 10 1 101 Longest Duration 858 | . . . . . . . . . . . . . . . . 44 . 858 . . . 10 1 60 Martial Activations . | . . . . . . . . . . . . . . . . . . . . . . . . . Shielding Activations . | . . . . . . . . . . . . . . . . . . . . . . . . . Robots Disrupted 1 | . . . . . . . . . . . . . . . . . . . . . . . . 1 Combat Hostiles 1 | . . . . . . . . . . . . . . . . . . . . . . . . 1 Robots Corrupted 8 | . . . . . . . . . . . . . . . . . . . . . . . 4 4 Combat Hostiles 7 | . . . . . . . . . . . . . . . . . . . . . . . 4 3 Parts Fried 11 | . . . . . . . . . . . . . . . . . . . . . . . 5 6 Impact Corruptions 1 | . . . . . . . . . . . . . . . . . . . . 1 . . . . Robots Melted 4 | . . . . . . . . . . . . . . . 1 . . . . . . . . 3 Combat Hostiles 4 | . . . . . . . . . . . . . . . 1 . . . . . . . . 3 Parts Melted 23 | . . . . . . . . 1 . . . 5 . 1 4 3 . 1 . . . . 1 7 Heat Transferred 16806 | . . . . . 225 . . 111 . 1184 . 6233 111 1159 709 1283 . 958 . 350 . 422 1667 2394 Parts Sabotaged . | . . . . . . . . . . . . . . . . . . . . . . . . . Parts Stolen . | . . . . . . . . . . . . . . . . . . . . . . . . . Parts Stripped . | . . . . . . . . . . . . . . . . . . . . . . . . . Power Chain Reactions 4 | . . . . . . . . . . . . . . . . . . . . 1 . . 1 2 Alert | -11 -10 -10 -10 -9 -8 -8 -8 -8 -7 -7 -7 -7 -7 -7 -6 -6 -5 -5 -5 -4 -3 -3 -2 -1 ------- Run | Yrd Mat Min Exi Min Mat Gar Mat Gar Fac Gar Fac Gar Fac Gar Fac Gar Fac Upp Upp Fac Res DSF Res Acc Maximum Alert Level 5 | . . . . . 2 4 2 3 2 3 2 3 2 4 3 5 3 . . . . 1 2 1 Low Security (%) 27 | 100 100 100 . 100 72 . . 5 . . 32 10 5 . . . . . . 100 100 77 35 5 Level 1 23 | . . . . . 25 12 34 20 40 22 54 40 53 11 . . . . . . . 22 11 94 Level 2 22 | . . . . . 2 30 65 42 59 13 13 39 41 25 24 19 . . . . . . 52 . Level 3 18 | . . . . . . 36 . 31 . 64 . 8 . 36 75 31 100 . . . . . . . Level 4 6 | . . . . . . 19 . . . . . . . 27 . 36 . . . . . . . . Level 5 1 | . . . . . . . . . . . . . . . . 12 . . . . . . . . High Security . | . . . . . . . . . . . . . . . . . . . . . . . . . Max Security . | . . . . . . . . . . . . . . . . . . . . . . . . . Sterilizations 1 | . . . . . . . . . . . . . . . . . . . . . . 1 . . Peak Influence 1819 | 5 49 86 . 68 404 1354 659 1005 527 882 462 973 512 1389 963 1819 954 . . 64 27 255 629 372 Initial 954 | . . . . . . 256 659 196 527 224 462 70 510 242 728 508 954 . . 10 27 23 143 372 Average 474 | 1 6 19 . 10 109 798 449 578 422 631 264 423 382 872 766 1094 930 . . 11 27 120 356 273 Influence Increases 12744 | 20 128 321 . 81 762 1238 173 959 . 748 . 1458 689 1347 787 1491 30 314 . 192 4 232 1060 710 Destroy 0b10 Robot/C 7040 | . 60 240 . 60 480 780 80 560 . 480 . 580 280 900 380 840 . 255 . 60 . 150 480 375 Destroy 0b10 Robot/NC 339 | 20 10 20 . 5 40 . 15 10 . 5 . 35 40 5 10 24 . 4 . . . 8 64 24 Destroy Leader 886 | . 12 40 . 10 162 30 32 40 . 30 . 30 72 50 80 40 . 8 . 16 . 16 108 110 Allied During Kill 583 | . . 6 . 3 . 87 33 26 . 4 . 46 124 123 29 55 . 47 . . . . . . Trap Triggered on 0b10 28 | . . . . . 20 . . . . . . . . . . . . . . 8 . . . . Successful Hack 280 | . 31 . . . 42 12 11 12 . 12 . 14 47 16 18 . 4 . . 18 4 . 39 . Select Force Hacks 38 | . . . . . . . . . . . . . . . . . . . . 38 . . . . Disable Machine 369 | . . . . . . . . 75 . 15 . 45 90 . 60 . 24 . . 12 . . 12 36 Anti-Garrison Action 2013 | . . . . . . 300 . 200 . 150 . 600 . 200 150 413 . . . . . . . . Destroy Structure 883 | . . . . 3 3 29 2 36 . 52 . 33 36 53 15 35 2 . . 28 . 58 345 153 Partial Spotted 42 | . . 15 . . . . . . . . . 15 . . . . . . . . . . 12 . Lose Combat Pursuer 243 | . 15 . . . 15 . . . . . . 60 . . 45 84 . . . 12 . . . 12 Influence Decreases 12427 | 20 128 321 . 81 368 278 1225 256 684 187 782 585 1315 305 1449 399 955 1037 154 157 25 8 694 1014 Entered New Map 5044 | . . . . . . 138 695 106 478 97 420 30 463 105 661 219 865 332 34 7 25 8 112 249 Time Decay 4708 | 20 128 321 . 81 368 . 380 . 206 . 342 . 362 . 458 . 90 565 120 150 . . 522 595 Lost Part 450 | . . . . . . 20 . 50 . 50 . 20 . . 30 40 . 60 . . . . 60 120 Lost Ally 1100 | . . . . . . 120 . 100 . 40 20 160 40 200 150 140 . 80 . . . . . 50 Purge Threat 1125 | . . . . . . . 150 . . . . 375 450 . 150 . . . . . . . . . Squads Dispatched 54 | . . . . . 7 . 6 . 2 . . . 8 . 11 . . . . 5 . . 8 7 Investigation 17 | . . . . . 2 . 3 . 1 . . . 3 . 3 . . . . 2 . . 2 1 Extermination 12 | . . . . . . . . . 1 . . . 1 . 2 . . . . 1 . . 3 4 Reinforcement 15 | . . . . . 2 . 2 . . . . . 2 . 2 . . . . 2 . . 3 2 Assault 3 | . . . . . . . . . . . . . . . 3 . . . . . . . . . Garrison 7 | . . . . . 3 . 1 . . . . . 2 . 1 . . . . . . . . . Intercept . | . . . . . . . . . . . . . . . . . . . . . . . . . Searches Triggered . | . . . . . . . . . . . . . . . . . . . . . . . . . Unchained Authorized 3 | . . . . . . . . . . . . . . . . . 1 1 . 1 . . . . Construction Impeded 1 | . . . . . . . . . . . . . . . 1 . . . . . . . . . Haulers Reinforced 3 | . . . . . . . . . . . . . 1 . . . . . . . . . 1 1 Active Scanning Responses . | . . . . . . . . . . . . . . . . . . . . . . . . . Cargo Convoy Interrupts . | . . . . . . . . . . . . . . . . . . . . . . . . . Stealth | -11 -10 -10 -10 -9 -8 -8 -8 -8 -7 -7 -7 -7 -7 -7 -6 -6 -5 -5 -5 -4 -3 -3 -2 -1 --------- Run | Yrd Mat Min Exi Min Mat Gar Mat Gar Fac Gar Fac Gar Fac Gar Fac Gar Fac Upp Upp Fac Res DSF Res Acc Distress Signals 15 | . 3 . . 1 4 . . . . 1 . . 1 1 1 . . . . . . . 2 1 Communications Jammed 167 | . . . . . . . . . . . . . . . . . . . . 33 . 4 54 76 Distress Signals 143 | . . . . . . . . . . . . . . . . . . . . 33 . . 45 65 Times Spotted 457 | . 8 13 . 3 40 34 5 31 . 19 . 34 14 47 23 57 . 20 . 17 . 10 42 40 Peak Tracking Total 9 | . 3 3 . 3 5 4 2 9 . 4 . 7 4 6 4 8 . 9 . 7 . 5 6 6 Tactical Retreats 12 | . 1 . . . 1 . . . . . . 1 . . 2 5 . . . 1 . . . 1 Traps | -11 -10 -10 -10 -9 -8 -8 -8 -8 -7 -7 -7 -7 -7 -7 -6 -6 -5 -5 -5 -4 -3 -3 -2 -1 ------- Run | Yrd Mat Min Exi Min Mat Gar Mat Gar Fac Gar Fac Gar Fac Gar Fac Gar Fac Upp Upp Fac Res DSF Res Acc Traps Triggered 41 | . . . . . . 8 . 5 . 3 . 10 . 2 1 6 . . . . . . 2 4 Indirectly . | . . . . . . . . . . . . . . . . . . . . . . . . . Trap Hack Attempts 52 | . 20 . . . 8 . . . 24 . . . . . . . . . . . . . . . Triggered 1 | . . . . . 1 . . . . . . . . . . . . . . . . . . . Disarmed 1 | . 1 . . . . . . . . . . . . . . . . . . . . . . . Reprogrammed 12 | . 2 . . . 4 . . . 6 . . . . . . . . . . . . . . . Reused 3 | . . . . . 2 . . . . . . . . . . . . . . 1 . . . . Traps Extracted 1 | . . . . . . . . . . . . . . . . . . . . 1 . . . . Installed 2 | . . . . . . . . . . . . . . . . . . . . 2 . . . . Triggered 3 | . . . . . 2 . . . . . . . . . . . . . . 1 . . . . Most Traps Carried 4 | . . . . . . . . 4 4 4 4 4 4 4 4 4 4 4 4 4 3 3 3 3 Machines | -11 -10 -10 -10 -9 -8 -8 -8 -8 -7 -7 -7 -7 -7 -7 -6 -6 -5 -5 -5 -4 -3 -3 -2 -1 ---------- Run | Yrd Mat Min Exi Min Mat Gar Mat Gar Fac Gar Fac Gar Fac Gar Fac Gar Fac Upp Upp Fac Res DSF Res Acc Machines Disabled 42 | . . . . . . 4 . 5 . 3 . 5 6 4 5 2 2 1 . 1 . . 1 3 Max in Single Turn 1 | . . . . . . 1 . 1 . 1 . 1 . 1 1 1 1 1 . 1 . . 1 1 Garrison Access 3 | . . . . . . . . . . . . . . . 1 . . . . 1 . . . 1 Garrison Relay 8 | . . . . . . 2 . . . 1 . 2 . 2 . 1 . . . . . . . . Machines Repaired . | . . . . . . . . . . . . . . . . . . . . . . . . . Machines Dismantled . | . . . . . . . . . . . . . . . . . . . . . . . . . Machines Sabotaged . | . . . . . . . . . . . . . . . . . . . . . . . . . Overloaded Fab Kills 4 | . . . . . . . . . . . . . . . . . . . . 4 . . . . Hacking | -11 -10 -10 -10 -9 -8 -8 -8 -8 -7 -7 -7 -7 -7 -7 -6 -6 -5 -5 -5 -4 -3 -3 -2 -1 --------- Run | Yrd Mat Min Exi Min Mat Gar Mat Gar Fac Gar Fac Gar Fac Gar Fac Gar Fac Upp Upp Fac Res DSF Res Acc Machines Accessed 71 | . 4 . 2 . 9 2 9 1 3 2 1 2 5 2 7 2 4 . . 5 1 . 6 4 Terminals 40 | . 3 . . . 5 2 6 1 2 2 . 2 2 2 2 2 3 . . 2 1 . 1 2 Fabricators 8 | . . . . . . . . . . . . . 1 . 2 . 1 . . 2 . . 1 1 Repair Stations 8 | . 1 . . . 2 . 2 . . . . . 1 . 1 . . . . . . . 1 . Recycling Units . | . . . . . . . . . . . . . . . . . . . . . . . . . Scanalyzers 4 | . . . . . 1 . . . . . . . . . . . . . . . . . 3 . Garrison Access 9 | . . . . . 1 . 1 . 1 . 1 . 1 . 2 . . . . 1 . . . 1 Total Hacks 174 | . 12 . 2 . 31 2 27 1 8 3 2 3 12 4 20 3 9 . . 12 1 . 14 8 Successful 82 | . 10 . 2 . 19 1 10 1 1 1 1 1 9 1 11 . 1 . . 7 1 . 3 2 Failed 92 | . 2 . . . 12 1 17 . 7 2 1 2 3 3 9 3 8 . . 5 . . 11 6 Catastrophic 16 | . . . . . 1 1 1 . . . 1 2 . 1 2 . 1 . . 1 . . 3 2 Database Lockouts . | . . . . . . . . . . . . . . . . . . . . . . . . . Manual 73 | . 5 . 1 . 11 . 11 . 5 . 1 . 8 3 13 . 7 . . 4 . . 4 . Terminals 97 | . 7 . . . 14 2 21 1 5 3 . 3 5 4 5 3 8 . . 6 1 . 4 5 Fabricators 14 | . . . . . . . . . . . . . 2 . 5 . 1 . . 4 . . 1 1 Repair Stations 26 | . 5 . . . 12 . 3 . . . . . 2 . 2 . . . . . . . 2 . Recycling Units . | . . . . . . . . . . . . . . . . . . . . . . . . . Scanalyzers 10 | . . . . . 3 . . . . . . . . . . . . . . . . . 7 . Garrison Access 25 | . . . . . 2 . 3 . 3 . 2 . 3 . 8 . . . . 2 . . . 2 Terminal Hacks 31 | . 5 . 2 . 6 1 5 1 . 1 . 1 2 1 1 . . . . 3 1 . 1 . Record 1 | . . . 1 . . . . . . . . . . . . . . . . . . . . . Part Schematic 2 | . 2 . . . . . . . . . . . . . . . . . . . . . . . Robot Analysis 6 | . 3 . . . 3 . . . . . . . . . . . . . . . . . . . Prototype ID Bank 2 | . . . . . . . 2 . . . . . . . . . . . . . . . . . Open DSF 1 | . . . . . . . . . . . . . . . . . . . . . 1 . . . Level Access Points 1 | . . . . . . . . . . . . . . . . . . . . 1 . . . . Branch Access Points 1 | . . . . . . . . . . . . . . . . . . . . 1 . . . . Emergency Access Points 2 | . . . . . . 1 . . . . . 1 . . . . . . . . . . . . Unreport Threat 4 | . . . . . . . 1 . . . . . 2 . 1 . . . . . . . . . Locate Traps 2 | . . . . . . . . . . . . . . . . . . . . 1 . . 1 . Zone Layout 5 | . . . . . 3 . 2 . . . . . . . . . . . . . . . . . Garrison Registry 1 | . . . . . . . . . . 1 . . . . . . . . . . . . . . Patrol Navigation 1 | . . . . . . . . 1 . . . . . . . . . . . . . . . . Security Stations 1 | . . . . . . . . . . . . . . 1 . . . . . . . . . . Proto ID Catalog 1 | . . . 1 . . . . . . . . . . . . . . . . . . . . . Fabricator Hacks 2 | . . . . . . . . . . . . . 1 . 1 . . . . . . . . . Network Status 2 | . . . . . . . . . . . . . 1 . 1 . . . . . . . . . Repair Station Hacks 17 | . 5 . . . 7 . 1 . . . . . 2 . 2 . . . . . . . . . Scan Component 9 | . 2 . . . 4 . 1 . . . . . 1 . 1 . . . . . . . . . Repair 7 | . 2 . . . 3 . . . . . . . 1 . 1 . . . . . . . . . Refit 1 | . 1 . . . . . . . . . . . . . . . . . . . . . . . Recycling Unit Hacks . | . . . . . . . . . . . . . . . . . . . . . . . . . Scanalyzer 5 | . . . . . 3 . . . . . . . . . . . . . . . . . 2 . Retrieve Study 5 | . . . . . 3 . . . . . . . . . . . . . . . . . 2 . Garrison Access Hacks 11 | . . . . . 1 . 1 . 1 . 1 . 1 . 2 . . . . 2 . . . 2 Unlock Access 7 | . . . . . 1 . 1 . 1 . 1 . 1 . 2 . . . . . . . . . Seal Access 2 | . . . . . . . . . . . . . . . . . . . . 1 . . . 1 Coupler Status 2 | . . . . . . . . . . . . . . . . . . . . 1 . . . 1 Unauthorized Hacks 16 | . . . . . 2 . 3 . . . . . 3 . 5 . 1 . . 2 . . . . Terminals 6 | . . . . . 1 . 2 . . . . . 1 . . . 1 . . 1 . . . . Botnet 5 | . . . . . 1 . 1 . . . . . 1 . . . 1 . . 1 . . . . Operators 1 | . . . . . . . 1 . . . . . . . . . . . . . . . . . Fabricators 5 | . . . . . . . . . . . . . 1 . 3 . . . . 1 . . . . Liberate 2 | . . . . . . . . . . . . . . . 2 . . . . . . . . . Haulers 2 | . . . . . . . . . . . . . 1 . 1 . . . . . . . . . Overload 1 | . . . . . . . . . . . . . . . . . . . . 1 . . . . Repair Stations . | . . . . . . . . . . . . . . . . . . . . . . . . . Recycling Units . | . . . . . . . . . . . . . . . . . . . . . . . . . Scanalyzers . | . . . . . . . . . . . . . . . . . . . . . . . . . Garrison Access 5 | . . . . . 1 . 1 . . . . . 1 . 2 . . . . . . . . . Reprogram 5 | . . . . . 1 . 1 . . . . . 1 . 2 . . . . . . . . . Data Cores Recovered 2 | . 1 . . . . . . . . . . . . . 1 . . . . . . . . . Used 1 | . 1 . . . . . . . . . . . . . . . . . . . . . . . Hacking Detections 60 | . 3 . . . 8 1 9 1 3 1 1 2 5 2 5 2 4 . . 4 . . 6 3 Full Trace Events 10 | . . . . . 1 . 2 . 1 . . . 1 . 1 . . . . 1 . . 2 1 Feedback Events 1 | . . . . . . . . . . . . . . . . . . . . . . . 1 . Corruption 1 | . . . . . . . . . . . . . . . . . . . . . . . 1 . Feedback Blocked . | . . . . . . . . . . . . . . . . . . . . . . . . . Robot Schematics Acquired . | . . . . . . . . . . . . . . . . . . . . . . . . . Robots Built . | . . . . . . . . . . . . . . . . . . . . . . . . . Authchips . | . . . . . . . . . . . . . . . . . . . . . . . . . Time . | . . . . . . . . . . . . . . . . . . . . . . . . . Total Robot Build Rating . | . . . . . . . . . . . . . . . . . . . . . . . . . Part Schematics Acquired 2 | . 2 . . . . . . . . . . . . . . . . . . . . . . . Parts Built . | . . . . . . . . . . . . . . . . . . . . . . . . . Authchips . | . . . . . . . . . . . . . . . . . . . . . . . . . Time . | . . . . . . . . . . . . . . . . . . . . . . . . . Total Part Build Rating . | . . . . . . . . . . . . . . . . . . . . . . . . . Part Studies Acquired 5 | . . . . . 3 . . . . . . . . . . . . . . . . . 2 . Parts Repaired 7 | . 2 . . . 3 . . . . . . . 1 . 1 . . . . . . . . . Time 291 | . 52 . . . 115 . . . . . . . 62 . 62 . . . . . . . . . Parts Recycled . | . . . . . . . . . . . . . . . . . . . . . . . . . Recycled Matter . | . . . . . . . . . . . . . . . . . . . . . . . . . Retrieved Matter . | . . . . . . . . . . . . . . . . . . . . . . . . . Retrieved Components . | . . . . . . . . . . . . . . . . . . . . . . . . . Parts Scanalyzed . | . . . . . . . . . . . . . . . . . . . . . . . . . Part Schematics Acquired . | . . . . . . . . . . . . . . . . . . . . . . . . . Parts Damaged . | . . . . . . . . . . . . . . . . . . . . . . . . . Bothacking | -11 -10 -10 -10 -9 -8 -8 -8 -8 -7 -7 -7 -7 -7 -7 -6 -6 -5 -5 -5 -4 -3 -3 -2 -1 ------------ Run | Yrd Mat Min Exi Min Mat Gar Mat Gar Fac Gar Fac Gar Fac Gar Fac Gar Fac Upp Upp Fac Res DSF Res Acc Used RIF Installer 6 | . . . . . . 1 . 1 . 1 . 1 . 1 . 1 . . . . . . . . Coupler Efficiency 1 | . . . . . . . . . . 1 . . . . . . . . . . . . . . Hotswap 1 | . . . . . . . . . . . . 1 . . . . . . . . . . . . Threat Obfuscator 1 | . . . . . . . . . . . . . . . . 1 . . . . . . . . Zone Cloak 1 | . . . . . . . . . . . . . . 1 . . . . . . . . . . Structural Interface 1 | . . . . . . . . 1 . . . . . . . . . . . . . . . . Robots Hacked 39 | . . . . . . . 1 . 1 . 1 13 3 4 1 1 . 2 . 4 . . 4 4 Non-combat 11 | . . . . . . . . . 1 . . 2 3 . 1 . . . . . . . 4 . Combat 28 | . . . . . . . 1 . . . 1 11 . 4 . 1 . 2 . 4 . . . 4 Robot Hacks Applied 43 | . . . . . . . 1 . 1 . 1 15 5 4 1 1 . 2 . 4 . . 4 4 parse_system 1 | . . . . . . . 1 . . . . . . . . . . . . . . . . . find_chute 1 | . . . . . . . . . 1 . . . . . . . . . . . . . . . drop_inventory 1 | . . . . . . . . . . . . . 1 . . . . . . . . . . . purge_threat 4 | . . . . . . . . . . . . 3 1 . . . . . . . . . . . block_reporting 1 | . . . . . . . . . . . . . 1 . . . . . . . . . . . scatter_targeting 1 | . . . . . . . . . . . . 1 . . . . . . . . . . . . overload_power 1 | . . . . . . . . . . . . . . . . . . . . 1 . . . . amplify_resonance 3 | . . . . . . . . . . . . . . . . . . . . 1 . . 1 1 reboot_system 4 | . . . . . . . . . . . . 2 . 2 . . . . . . . . . . overwrite_iff 9 | . . . . . . . . . . . . 5 . . . . . 1 . 1 . . . 2 streamctrl_low 1 | . . . . . . . . . . . . . . . . . . . . . . . 1 . streamctrl_high 2 | . . . . . . . . . . . . 1 . . . . . . . 1 . . . . formatsys_low 5 | . . . . . . . . . . . . . 2 . 1 . . . . . . . 2 . formatsys_high 9 | . . . . . . . . . . . 1 3 . 2 . 1 . 1 . . . . . 1 Relay Couplers Released 37 | . . . . . . 8 . . . 3 . 7 . 7 3 4 . . . 2 . . . 3 Machine Destruction 37 | . . . . . . 8 . . . 3 . 7 . 7 3 4 . . . 2 . . . 3 Attached 14 | . . . . . . . . . . . 1 3 1 1 1 1 . 2 . 2 . . . 2 Fabnet Peak Effective % . | . . . . . . . . . . . . . . . . . . . . . . . . . Robots Rewired 26 | . . . 1 . . 8 . . . 3 . 7 . 3 . 2 . 2 . . . . . . Allies Hacked 4 | . . . . . . 1 . . . . . . . 1 . . . . . . . . 1 1 Hacks Repelled 1 | . . . . . . . . . . . . . . . . . . . . . . . . 1 Allies | -11 -10 -10 -10 -9 -8 -8 -8 -8 -7 -7 -7 -7 -7 -7 -6 -6 -5 -5 -5 -4 -3 -3 -2 -1 -------- Run | Yrd Mat Min Exi Min Mat Gar Mat Gar Fac Gar Fac Gar Fac Gar Fac Gar Fac Upp Upp Fac Res DSF Res Acc Total Allies 75 | . . 2 1 . 3 8 2 1 . 3 1 16 3 7 11 5 . 4 . 2 . . 3 3 Largest Group 7 | . . 2 2 1 3 6 5 4 . 3 1 7 7 7 5 3 1 3 . 1 . . 1 1 Highest-Rated Group 250 | . . 38 38 8 15 132 125 112 . 36 32 250 250 196 151 198 89 163 . 58 . . 36 58 Highest-Rated Ally 99 | . . 31 31 8 8 31 42 42 . 12 32 40 40 40 41 99 89 89 . 58 . . 36 58 Total Orders 13 | . . . . . . . . . . . 1 2 2 2 1 . . 2 . . . . 3 . STAY 5 | . . . . . . . . . . . 1 1 1 . . . . 1 . . . . 1 . FOLLOW 2 | . . . . . . . . . . . . 1 . . . . . 1 . . . . . . AID 6 | . . . . . . . . . . . . . 1 2 1 . . . . . . . 2 . Ally Attacks 517 | . . 7 . 10 . 34 23 41 . 14 6 47 56 117 31 83 . 35 . 7 . . . 6 Total Damage 11946 | . . 42 . 65 . 823 408 753 . 144 96 838 1605 2496 1103 1916 . 1133 . 263 . . . 261 Kills 93 | . . . . 1 . 11 6 4 . 2 . 9 20 16 9 10 . 5 . . . . . . Allies Corrupted 5 | . . . . . . . 1 . . . . . 1 2 . . . 1 . . . . . . Allies Melted 2 | . . . . . . . . . . . . 1 . . . . . 1 . . . . . . Intel | -11 -10 -10 -10 -9 -8 -8 -8 -8 -7 -7 -7 -7 -7 -7 -6 -6 -5 -5 -5 -4 -3 -3 -2 -1 ------- Run | Yrd Mat Min Exi Min Mat Gar Mat Gar Fac Gar Fac Gar Fac Gar Fac Gar Fac Upp Upp Fac Res DSF Res Acc Active Infowar (turns) 4746 | . . . . . . . . . . . . . . . 160 . 121 393 . 489 2 280 1441 1860 Sensors 3227 | . . . . . . . . . . . . . . . 160 . 121 393 . 340 . . 621 1592 Jamming 3773 | . . . . . . . . . . . . . . . . . . . . 258 2 280 1441 1792 Robot Analysis Total 6 | . 3 . . . 3 . . . . . . . . . . . . . . . . . . . Derelict Logs Recovered 5 | . . 3 . . . . . . . . . . . . . . . 1 1 . . . . . Drone Launches . | . . . . . . . . . . . . . . . . . . . . . . . . . Drone Recoveries . | . . . . . . . . . . . . . . . . . . . . . . . . . Exploration | -11 -10 -10 -10 -9 -8 -8 -8 -8 -7 -7 -7 -7 -7 -7 -6 -6 -5 -5 -5 -4 -3 -3 -2 -1 ------------- Run | Yrd Mat Min Exi Min Mat Gar Mat Gar Fac Gar Fac Gar Fac Gar Fac Gar Fac Upp Upp Fac Res DSF Res Acc Turns Passed 28224 | 166 766 1592 709 537 2303 2099 884 1839 435 1213 769 2423 835 1646 1149 2401 196 1692 255 711 2 280 1442 1880 Spaces Moved 11133 | 82 315 879 413 136 981 864 303 742 157 367 16 781 332 707 527 1105 112 392 160 371 2 115 517 757 Core 3 | 3 . . . . . . . . . . . . . . . . . . . . . . . . Treads 11130 | 79 315 879 413 136 981 864 303 742 157 367 16 781 332 707 527 1105 112 392 160 371 2 115 517 757 Legs . | . . . . . . . . . . . . . . . . . . . . . . . . . Wheels . | . . . . . . . . . . . . . . . . . . . . . . . . . Hover . | . . . . . . . . . . . . . . . . . . . . . . . . . Flight . | . . . . . . . . . . . . . . . . . . . . . . . . . Fastest Speed 50 | 50 160 160 160 160 160 160 166 163 195 185 190 190 165 165 160 160 160 160 160 155 163 163 165 170 Average Speed 178 | 155 160 160 160 160 162 187 204 203 195 191 190 213 205 180 177 160 160 160 160 158 163 164 204 178 Slowest Speed 330 | 160 160 160 160 160 203 203 206 206 200 195 190 240 225 330 225 240 160 160 160 163 163 165 250 330 Overloaded Moves . | . . . . . . . . . . . . . . . . . . . . . . . . . Propulsion Burnouts . | . . . . . . . . . . . . . . . . . . . . . . . . . Robots Hopped . | . . . . . . . . . . . . . . . . . . . . . . . . . Potential Cave-ins 16 | . . . . . . . . . . . . . . . . . . . . 2 . . . 14 Cave-ins Triggered 1 | . . . . . . . . . . . . . . . . . . . . . . . . 1 Exploration Rate (%) 48 | 4 48 97 89 27 72 91 39 93 6 52 2 96 12 94 20 94 3 47 25 12 . 82 22 25 Regions Visited 24 Branch Regions 5 Pre-discovered Areas 4 | . . 2 1 . . . . . . . . . . . . . . 1 . . . . . . Known Exits Taken 12 | . . . . . 1 . 1 . 1 . 1 . 1 . 1 . 1 1 1 1 1 . 1 . Unknown Exits Taken 5 | 1 1 1 1 1 . . . . . . . . . . . . . . . . . . . . Scrap Searched 5 | . . 1 . 1 . . . . . . . . . . . . . 3 . . . . . . Spaces Dug 95 | . . . . 3 . 19 . 3 . 20 . 5 . . 3 9 . 5 . 2 . . 10 16 Terrain Destroyed 519 | . . . . 3 . 19 . 31 . 32 . 27 6 52 18 22 1 43 . 16 . 32 146 71 Melee 39 | . . . . 3 . 19 . 3 . . . 5 . . . 9 . . . . . . . . Projectile 231 | . . . . . . . . 1 . 1 . 21 6 21 18 9 1 43 . 16 . 5 35 54 AOE 248 | . . . . . . . . 27 . 31 . 1 . 31 . 4 . . . . . 27 111 16 Terrain Rammed . | . . . . . . . . . . . . . . . . . . . . . . . . . Walls Destroyed . | . . . . . . . . . . . . . . . . . . . . . . . . . Machines Disabled . | . . . . . . . . . . . . . . . . . . . . . . . . . Actions | -11 -10 -10 -10 -9 -8 -8 -8 -8 -7 -7 -7 -7 -7 -7 -6 -6 -5 -5 -5 -4 -3 -3 -2 -1 --------- Run | Yrd Mat Min Exi Min Mat Gar Mat Gar Fac Gar Fac Gar Fac Gar Fac Gar Fac Upp Upp Fac Res DSF Res Acc Total 17322 | 105 532 978 440 428 1530 1181 556 934 283 768 752 1267 464 902 663 1444 125 1311 159 458 1 172 756 1113 Wait 3951 | 6 155 38 1 271 363 129 227 80 92 296 732 191 102 62 64 129 . 769 . 13 . 7 86 138 Move 11110 | 81 314 878 412 135 980 863 303 741 157 366 16 780 331 706 526 1104 111 391 159 370 1 114 516 755 Hop . | . . . . . . . . . . . . . . . . . . . . . . . . . Pick Up 168 | 5 9 4 6 2 28 9 2 10 2 6 . 11 3 8 6 6 2 13 . 8 . 6 7 15 Fast Attach 112 | 6 2 . . . 5 1 1 5 1 1 . 8 . 8 7 17 1 7 . 6 . 8 12 16 Attach 72 | . . . . 1 6 2 . 6 1 6 . 5 1 3 4 3 1 7 . 4 . 2 9 11 Detach 36 | . 1 . . . 1 . 1 2 . 1 . 5 . 2 1 4 1 2 . 2 . . 7 6 Swap 255 | . 2 4 . 3 23 22 6 13 3 6 3 30 9 12 8 18 4 19 . 15 . 8 24 23 Drop 195 | . 5 5 2 2 34 9 6 7 2 1 . 22 2 13 6 19 2 8 . 14 . 11 9 16 Fire 1059 | 6 23 28 11 10 76 46 6 53 . 53 1 181 14 82 38 110 3 68 . 22 . 16 84 128 Melee 110 | . . 17 . 4 . 26 1 8 1 1 . 16 . 6 . 30 . . . . . . . . Ram . | . . . . . . . . . . . . . . . . . . . . . . . . . Kick . | . . . . . . . . . . . . . . . . . . . . . . . . . Crush 34 | 1 1 4 . . 6 1 3 1 . 1 . . 1 . 3 4 . . . 2 . . 2 4 Escape Stasis 38 | . . . . . . 12 . 8 . 1 . 16 . . . . . . . . . . . 1 Rewire 128 | . . . 8 . . 61 . . . 29 . 2 1 . . . . 27 . . . . . . Trap 54 | . 20 . . . 8 . . . 24 . . . . . . . . . . 2 . . . . Miscellaneous . | . . . . . . . . . . . . . . . . . . . . . . . . . Route ------- -11/Scrapyard -10/Materials (discovered 2 exits: [*Mat] / [*Min]) -10/Mines (discovered 3 exits: [*Mat x2] / *Exi) -10/Exiles (discovered 2 exits: [*Min x2]) -9/Mines (discovered 2 exits: *Mat x2) -8/Materials (discovered 3 exits: *Fac x2 / Gar) -8/Garrison (discovered 3 exits: *Mat x3) -8/Materials (discovered 2 exits: *Fac / Gar) -8/Garrison (discovered 3 exits: *Fac x3) -7/Factory -7/Garrison (discovered 4 exits: *Fac x4) -7/Factory -7/Garrison (discovered 4 exits: *Fac x3 / *Fac) -7/Factory (discovered 2 exits: *Fac / Gar) -7/Garrison (discovered 3 exits: *Fac x3) -6/Factory (discovered 2 exits: *Fac / Gar) -6/Garrison (discovered 3 exits: *Fac x3) -5/Factory -5/Upper Caves -5/Upper Caves -4/Factory (discovered 7 exits: *Res x4 / Upp x2 / Arm) -3/Research -3/DSF -2/Research -1/Access To Epsilon Eridani History --------- Turn | Location | Event 35 | -11/Scrapyard | Discovered new exit (range 16) 167 | -11/Scrapyard | Entered Materials 295 | -10/Materials | Discovered new exit (range 15) 310 | -10/Materials | Build established: Mutant 658 | -10/Materials | Repaired Lgt. Treads 684 | -10/Materials | Repaired Lgt. Treads 911 | -10/Materials | Discovered new exit (range 6) 933 | -10/Materials | Entered Mines 976 | -10/Mines | Learned Materials trap positions 1142 | -10/Mines | Excavation squad dispatched 1142 | -10/Mines | A large section of the Mines collapsed 1278 | -10/Mines | Learned location of Mines (-9) 1300 | -10/Mines | Deemed a non-threat by the Exiles lab entrance 1317 | -10/Mines | Learned location of Storage (-9) 1601 | -10/Mines | Learned Materials stockpile data 1613 | -10/Mines | Found DCF Scrap (12 items) 1658 | -10/Mines | Discovered new exit (range 9) 1823 | -10/Mines | Discovered new exit (range 7) 2513 | -10/Mines | Discovered new exit (range 5) 2525 | -10/Mines | Entered Exiles 2525 | -10/Exiles | Found Exiles lab destroyed 2525 | -10/Exiles | Accompanied by 2 allies 2546 | -10/Exiles | Discovered new exit (range 15) 2555 | -10/Exiles | Led the pair of lost Derelicts to a safe place 2954 | -10/Exiles | Learned location of Zion (-7) 3043 | -10/Exiles | Opened EX-Vault 3050 | -10/Exiles | Found Skeleton Box 3216 | -10/Exiles | Discovered new exit (range 14) 3234 | -10/Exiles | Entered Mines 3234 | -9/Mines | Accompanied by 1 ally 3239 | -9/Mines | Assembled infested the area 3244 | -9/Mines | Assisted by a Guerilla fighting off Assembled 3415 | -9/Mines | Discovered new exit (range 5) 3464 | -9/Mines | Discovered new exit (range 5) 3771 | -9/Mines | Entered Materials 3771 | -8/Materials | Accompanied by 1 ally 3771 | -8/Materials | Evolved 4 slots: Propulsion x1, Utility x2, Weapon x1 3772 | -8/Materials | Loaded intel: 8 trap records 4066 | -8/Materials | Build established: Scavenger-Tank 5012 | -8/Materials | Discovered new exit (range 17) 5286 | -8/Materials | Build established: Tank 5372 | -8/Materials | Discovered new exit (range 7) 5606 | -8/Materials | Build established: Scavenger-Gunner 5740 | -8/Materials | Repaired Arm. Treads+ 5770 | -8/Materials | Repaired Lgt. Armor Plating 5822 | -8/Materials | Repaired Imp. Assault Rifle 5864 | -8/Materials | Garrison activated, responded to threat 5973 | -8/Materials | Identified exit to Garrison 6074 | -8/Materials | Entered Garrison 6074 | -8/Garrison | Accompanied by 3 allies 6108 | -8/Garrison | Triggered checkpoint 6145 | -8/Garrison | Lost 3 allies 6166 | -8/Garrison | Garrison Relay disabled 6492 | -8/Garrison | Triggered checkpoint 6518 | -8/Garrison | Triggered checkpoint 6576 | -8/Garrison | Triggered checkpoint 6708 | -8/Garrison | Garrison Relay disabled 6754 | -8/Garrison | Discovered new exit (range 14) 6782 | -8/Garrison | Installed Relay Interface Framework 6964 | -8/Garrison | Triggered checkpoint 7153 | -8/Garrison | Discovered new exit (range 14) 7584 | -8/Garrison | Triggered checkpoint 7600 | -8/Garrison | Triggered checkpoint 7690 | -8/Garrison | Build established: Commander-Gunner 7777 | -8/Garrison | Lost 3 allies 8024 | -8/Garrison | Remotely autohacked Sealed Heavy Doors 8107 | -8/Garrison | Discovered new exit (range 10) 8114 | -8/Garrison | Triggered checkpoint 8173 | -8/Garrison | Entered Materials 8173 | -8/Materials | Accompanied by 5 allies 8579 | -8/Materials | Met 7R-MNS 8688 | -8/Materials | Botcube activated 8702 | -8/Materials | Botcube completed mutation into treaded form, armed with 2 guns. 8951 | -8/Materials | Discovered new exit (range 11) 9051 | -8/Materials | Identified exit to Garrison 9057 | -8/Materials | Entered Garrison 9057 | -8/Garrison | Accompanied by 4 allies 9143 | -8/Garrison | Triggered checkpoint 9200 | -8/Garrison | Lost 3 allies 9214 | -8/Garrison | Core integrity fell below 50% 9327 | -8/Garrison | Expanded RIF knowledge: Structural Interface 9417 | -8/Garrison | Build established: Gunner 9557 | -8/Garrison | Core integrity fell below 20% 9701 | -8/Garrison | Triggered checkpoint 9773 | -8/Garrison | Discovered new exit (range 8) 9927 | -8/Garrison | Triggered checkpoint 9993 | -8/Garrison | Triggered checkpoint 10206 | -8/Garrison | Discovered new exit (range 10) 10317 | -8/Garrison | Triggered checkpoint 10395 | -8/Garrison | Discovered new exit (range 8) 10405 | -8/Garrison | Build established: Scavenger-Gunner 10545 | -8/Garrison | Triggered checkpoint 10649 | -8/Garrison | Remotely autohacked Sealed Heavy Doors 10649 | -8/Garrison | Rescued a captive Derelict 10649 | -8/Garrison | Rescued a captive Derelict 10896 | -8/Garrison | Entered Factory 10896 | -7/Factory | Evolved 2 slots: Utility x2 11331 | -7/Factory | Identified exit to Garrison 11331 | -7/Factory | Entered Garrison 11374 | -7/Garrison | Discovered new exit (range 51) 11374 | -7/Garrison | Discovered new exit (range 56) 11374 | -7/Garrison | Discovered new exit (range 59) 11374 | -7/Garrison | Discovered new exit (range 52) 11388 | -7/Garrison | Triggered checkpoint 11481 | -7/Garrison | Expanded RIF knowledge: Coupler Efficiency 11606 | -7/Garrison | Triggered checkpoint 11622 | -7/Garrison | Triggered checkpoint 11651 | -7/Garrison | Destroyed 9 combat bots 11685 | -7/Garrison | Triggered checkpoint 11849 | -7/Garrison | Triggered checkpoint 11895 | -7/Garrison | Lost 4 parts (1n2u1w) 11961 | -7/Garrison | Triggered checkpoint 11984 | -7/Garrison | Identified exit to Factory 12146 | -7/Garrison | Build established: Tank 12216 | -7/Garrison | Garrison Relay disabled 12544 | -7/Garrison | Entered Factory 12544 | -7/Factory | Accompanied by 1 ally 12581 | -7/Factory | Identified exit to Garrison 12866 | -7/Factory | Build established: Gunner 13313 | -7/Factory | Entered Garrison 13313 | -7/Garrison | Accompanied by 1 ally 13315 | -7/Garrison | Heavy support dispatched to Factory 13555 | -7/Garrison | Garrison Relay disabled 13756 | -7/Garrison | Triggered checkpoint 13817 | -7/Garrison | Heavy support dispatched to Factory 13933 | -7/Garrison | Triggered checkpoint 13947 | -7/Garrison | Triggered checkpoint 14013 | -7/Garrison | Lost 4 allies 14039 | -7/Garrison | H-XX Assembler disabled 14159 | -7/Garrison | Discovered new exit (range 5) 14199 | -7/Garrison | Triggered checkpoint 14243 | -7/Garrison | Garrison Relay disabled 14633 | -7/Garrison | Triggered checkpoint 14734 | -7/Garrison | Remotely autohacked Sealed Heavy Doors 15093 | -7/Garrison | Discovered new exit (range 5) 15146 | -7/Garrison | Identified exit to Factory 15205 | -7/Garrison | Expanded RIF knowledge: Hotswap 15409 | -7/Garrison | Build established: Commander-Tank 15499 | -7/Garrison | Triggered checkpoint 15656 | -7/Garrison | Discovered exit to Factory (range 10) 15679 | -7/Garrison | Triggered checkpoint 15715 | -7/Garrison | Discovered new exit (range 3) 15717 | -7/Garrison | Identified exit to Factory 15736 | -7/Garrison | Entered Factory 15736 | -7/Factory | Accompanied by 7 allies 15915 | -7/Factory | Discovered exit to Factory (range 5) 15958 | -7/Factory | Repaired Imp. Heavy Treads? 16321 | -7/Factory | Found Rocket Array 16456 | -7/Factory | Garrison activated, responded to threat 16514 | -7/Factory | Identified exit to Garrison 16571 | -7/Factory | Entered Garrison 16571 | -7/Garrison | Accompanied by 7 allies 16591 | -7/Garrison | Triggered checkpoint 16774 | -7/Garrison | Lost 3 allies 16886 | -7/Garrison | Garrison Relay disabled 16911 | -7/Garrison | Build established: Tank 16927 | -7/Garrison | Triggered checkpoint 16937 | -7/Garrison | Triggered checkpoint 16975 | -7/Garrison | Triggered checkpoint 17025 | -7/Garrison | Rescued a captive Derelict 17028 | -7/Garrison | Rescued a captive Derelict 17153 | -7/Garrison | Triggered checkpoint 17166 | -7/Garrison | Triggered checkpoint 17255 | -7/Garrison | Triggered checkpoint 17305 | -7/Garrison | Discovered exit to Factory (range 13) 17340 | -7/Garrison | Expanded RIF knowledge: Zone Cloak 17453 | -7/Garrison | System corruption reached 10% 17463 | -7/Garrison | Lost 4 allies 17725 | -7/Garrison | Discovered exit to Factory (range 9) 17737 | -7/Garrison | Triggered checkpoint 17947 | -7/Garrison | Garrison Relay disabled 18055 | -7/Garrison | Discovered exit to Factory (range 12) 18071 | -7/Garrison | Learned Factory security intel 18217 | -7/Garrison | Entered Factory 18217 | -6/Factory | Evolved 2 slots: Propulsion x1, Utility x1 18272 | -6/Factory | Build established: Bothacker-Tank 18282 | -6/Factory | Discovered new exit (range 8) 18296 | -6/Factory | Identified exit to Factory 18380 | -6/Factory | Repaired Imp. Heavy Treads 18511 | -6/Factory | Identified exit to Garrison 18556 | -6/Factory | Garrison activated, responded to threat 18636 | -6/Factory | Lost 4 allies 18881 | -6/Factory | Build established: Tank 19267 | -6/Factory | First assault squad dispatched 19319 | -6/Factory | Identified exit to Garrison 19366 | -6/Factory | Entered Garrison 19366 | -6/Garrison | Accompanied by 3 allies 19384 | -6/Garrison | Triggered checkpoint 19446 | -6/Garrison | Expanded RIF knowledge: Threat Obfuscation 19459 | -6/Garrison | Garrison Relay disabled 19737 | -6/Garrison | Triggered checkpoint 19762 | -6/Garrison | Build established: Bothacker-Tank 19792 | -6/Garrison | Spotted B-75 Beast 19801 | -6/Garrison | Assimilated Beast 5a with formatsys_high 19804 | -6/Garrison | Triggered checkpoint 19807 | -6/Garrison | Triggered checkpoint 19986 | -6/Garrison | Found Relay Coupler [Proto] 19990 | -6/Garrison | Found Relay Coupler [Proto] 20250 | -6/Garrison | Discovered exit to Factory (range 10) 20262 | -6/Garrison | Triggered checkpoint 20410 | -6/Garrison | Triggered checkpoint 20582 | -6/Garrison | Triggered checkpoint 20668 | -6/Garrison | Discovered exit to Factory (range 2) 20810 | -6/Garrison | Remotely autohacked Sealed Heavy Doors 20810 | -6/Garrison | Rescued a captive Derelict 20812 | -6/Garrison | Rescued a captive Derelict 21154 | -6/Garrison | Discovered exit to Factory (range 5) 21172 | -6/Garrison | Triggered checkpoint 21194 | -6/Garrison | Rewired Striker 21197 | -6/Garrison | Rewired Striker 21767 | -6/Garrison | Entered Factory 21767 | -5/Factory | Accompanied by 1 ally 21767 | -5/Factory | Evolved 2 slots: Power x1, Propulsion x1 21906 | -5/Factory | Unchained authorized (BL-1NK) 21939 | -5/Factory | Discovered new exit (range 5) 21951 | -5/Factory | Identified exit to Upper Caves 21963 | -5/Factory | Entered Upper Caves 21963 | -5/Upper Caves | Accompanied by 1 ally 22050 | -5/Upper Caves | Attracted the attention of an 0b10 outpost 22124 | -5/Upper Caves | Lost 3 parts (2u1w) 22424 | -5/Upper Caves | Spotted B-75 Beast 22426 | -5/Upper Caves | Assimilated Beast 6a with formatsys_high 22482 | -5/Upper Caves | Discovered new exit (range 14) 22578 | -5/Upper Caves | Identified exit to Upper Caves 22687 | -5/Upper Caves | Unchained authorized (BL-1NK) 23027 | -5/Upper Caves | System corruption reached 10% 23035 | -5/Upper Caves | Build established: Tank 23655 | -5/Upper Caves | Entered another Upper Caves area 23804 | -5/Upper Caves | Discovered new exit (range 5) 23809 | -5/Upper Caves | Identified exit to Factory 23899 | -5/Upper Caves | Build established: Scavenger-Tank 23910 | -5/Upper Caves | Entered Factory 23910 | -4/Factory | Evolved 2 slots: Utility x2 23911 | -4/Factory | Identified exit to Armory 24287 | -4/Factory | Identified exit to Upper Caves 24339 | -4/Factory | Build established: Bothacker-Tank 24431 | -4/Factory | Unchained authorized (BL-1NK) 24434 | -4/Factory | Identified exit to Research 24480 | -4/Factory | Spotted B-86 Titan 24496 | -4/Factory | Destroyed B-86 Titan 24621 | -4/Factory | Entered Research 24621 | -3/Research | Evolved 2 slots: Propulsion x1, Utility x1 24623 | -3/Research | Identified exit to DSF 24623 | -3/Research | Entered DSF 24670 | -3/DSF | Additional patrols routed to DSF 24688 | -3/DSF | Found Adv. Powered Armor 24692 | -3/DSF | Found Adv. Powered Armor 24695 | -3/DSF | Found Adv. Powered Armor 24830 | -3/DSF | Discovered new exit (range 10) 24889 | -3/DSF | Sterilization system engaged 24899 | -3/DSF | Identified exit to Research 24903 | -3/DSF | Entered Research 24903 | -2/Research | Evolved 2 slots: Power x1, Utility x1 25001 | -2/Research | Build established: Scavenger-Tank 25440 | -2/Research | Destroyed 8 combat bots 25999 | -2/Research | Found Gamma Bomb Array 26293 | -2/Research | Discovered new exit (range 8) 26317 | -2/Research | Identified exit to Access 26345 | -2/Research | Entered Access 26345 | -1/Access | Accompanied by 1 ally 26345 | -1/Access | Evolved 2 slots: Utility x2 26740 | -1/Access | Lost 3 parts (1p2n) 27717 | -1/Access | Build established: Hacker-Gunner 28105 | -1/Access | Crushed by falling debris 28106 | -1/Access | System corruption reached 10% 28216 | -1/Access | Remotely autohacked Sealed Barrier 28216 | -1/Access | Discovered new exit (range 5) 28223 | -1/Access | Identified exit to Surface 28225 | *** | Escaped! Last Messages --------------- 28172_ K-01 Serf collects debris. 28174_ W-44 Eye distress signal jammed. 28180_ Y-72 Warden suffers critical hit (Meltdown). 28181_ K-01 Serf collects debris. 28188_ |GOSKKMTNIDIKBKTUUA5 ILL=EM8RZ 28223_ EXIT=IDENTIFIED: SURFACE Map ----- +----------------------------------------------------+ | ?????????????????????????????????????????????????? | | ?????????????????????????????????????????????????? | | ?????????????????????????????????????????????????? | | ?????????????????????????????????????????????????? | | ?????????????????????????????????????????????????? | | ?????????????????????????????????????????????????? | | ?????????????????????????????????????????????????? | | ?????????????????????????????????????????????????? | | ?????????????????????????????????????????????????? | | ?????????????????????????????????????????????????? | | ??????????????#+############################### * | | ????????????? % %k ! %% | | ????????????? % = [ [ | | ???????????????????## % ""##########"####" | | ????????????????????# ""#????????##"#####+# | | ????????????????????# ""#?????????## | | ????????????????????# T#??????????# | | ????????????????????# ""#???????##?# " | | ????????????????????# ""#???????# ## """ | | ???????????????????## ""##???????# # """ | | ???????????????????# #????????#" " | | ???????????????????## ##????????## | | ????????????????????# #??????????# | | ????????????????????# #??????????######## | | ????????????????????# #???????????## ##?? | | ????????????????????# @" #????????????## ##? | | ????????????????????# "" #?????????????## ## | | ????????????????????# #??????????????## # | | ????????????????????# #???????????????## | | ????????????????????# #????????????????## | | ????????????????????#""""""""""#?????????????????# | | ????????????????????????????????????????????????## | | ???????????????????????????????????????????????## | | ??????????????????????????????????????????????## # | | ?????????????????????????????????????????????## ## | | ????????????????????????????????????????????## ##? | | ???????????????????????????????????????????## ##?? | | ??????????????????????????????????????????## ##??? | | ???????????????????????? ????????????### ##???? | | ???????????????????????? ??????????## ##????? | | ??????????????????????? ?????????## ##?????? | | ???????????????????????# ###########"###??????? | | ???????????????????????# # ##???????? | | ???????????????????????# # #????????? | | ???????????????????????# + #????????? | | ???????????????????????# # #????????? | | ???????????????????????# # #????????? | | ???????????????????????# # #????????? | | ???????????????????????# # #????????? | | ???????????????????????# #####+#######????????? | +----------------------------------------------------+ Best States ------------- Heat Dissipation 110 Energy Generation 65 Energy Capacity 850 Matter Stores 300 Matter Capacity 300 Sight Range 16 Robot Scan Range 19 Terrain Scan Density 10 Jamming Range 14 Armor Coverage 1350 Resistance: EX 50 Utility Shielding 66 Weapon Cycling 25 Evasion (%) 40 Targeting Accuracy 16 Target Analysis 5 Core Analysis 6 Recoil Reduction 6 Offensive Hacking 36 Defensive Hacking 14 Relay Coupler Types 2 Relay Coupler Value 71 Trap Extractor Capacity 4 Item Schematics ----------------- Huge Storage Unit | -10/Materials | Hacked Hcp. Storage Unit | -10/Materials | Hacked Robot Schematics ------------------ None Fabricated ------------ Nothing Repaired ---------- Lgt. Treads | 70% | -10/Materials Lgt. Treads | 77% | -10/Materials Arm. Treads | 53% | -8/Materials Lgt. Armor Plating | 26% | -8/Materials Imp. Assault Rifle | 48% | -8/Materials Imp. Heavy Treads | 69% | -7/Factory Imp. Heavy Treads | 58% | -6/Factory Studied --------- Lgt. Treads | -8/Materials | Hacked Arm. Treads | -8/Materials | Hacked Adv. Treads | -8/Materials | Hacked Enh. Nova Cannon | -2/Research | Hacked Arm. Medium Treads | -2/Research | Hacked Alien Tech Used ----------------- None Achievements -------------- None Challenges ------------ None Game ------ Seed BiomechanicalMediumCarapace Manual? 0 Play Time 02:28:37 Cumulative 2092.5 hours Start 2026.01.14 @ 21:10:07 End 2026.01.14 @ 23:38:08 Sessions 1 Manual Loads 0 Difficulty Rogue Special Mode None Game No. 1343 Rogue 1339 Adventurer 4 Explorer 0 Win Type 0 Total 289 Types 217/13/22/11/3/1/4/10/5/3 Lore% 98 Gallery% 96 Achievement% 88 Wizard Run 0 Options --------- Layout 2 ASCII 0 Keyboard 1 Movement Vi Keybinds 0 Fullscreen 0 Font 24/Terminus Map View 59x48 Zoom Use 0% Tactical HUD 1 Map Filters NONE Filters NONE Steam 1 RUN: 32dfffa5-8de1-4a49-bd28-91ff766deca3